 Dungeon Crawl Stone Soup version 0.22-a0-389-g8519d86 (webtiles) character file.

77 Curus the Changer (level 4, -2/32 HPs)
             Began as a Merfolk Transmuter on Apr 30, 2018.
             Slain by a hobgoblin
             ... wielding a +0 club
              (7 damage)
             ... on level 2 of the Dungeon.
             The game lasted 00:06:52 (1561 turns).

Curus the Changer (Merfolk Transmuter)              Turns: 1561, Time: 00:06:53

Health: -2/32      AC:  2    Str: 10    XL:     4   Next: 33%
Magic:  4/7        EV: 21    Int: 13    God:
Gold:   33         SH:  0    Dex: 19    Spells: 3/7 levels left

rFire    . . .     SeeInvis .     - Unarmed
rCold    . . .     Gourm    .   (shield currently unavailable)
rNeg     . . .     Faith    .   (armour currently unavailable)
rPois    x         Spirit   .   (helmet currently unavailable)
rElec    .         Reflect  .   (cloak currently unavailable)
rCorr    .         Harm     .   (gloves currently unavailable)
MR       +....     Clarity  +   (boots currently unavailable)
Stlth    ++........             f - amulet of rage
HPRegen  0.10/turn              (no ring)
MPRegen  0.10/turn              (no ring)

@: lethally poisoned (-2 -> -3), spider-form (expiring)
A: tiny, (change form in water), (swift swim), (stealthy swim), clarity, magic
resistance 1
a: End Transformation, Evoke Berserk Rage


You were on level 2 of the Dungeon.
You were not hungry.
You were a venomous arachnid creature.
You visited 1 branch of the dungeon, and saw 2 of its levels.

You collected 33 gold pieces.

Inventory:

Missiles
 a - 54 arrows
Armour
 b - a +0 robe (melded)
Jewellery
 f - an amulet of rage (around neck)
Scrolls
 e - 6 scrolls of identify
Potions
 c - a potion of might
Comestibles
 d - a ration
 g - 2 chunks of flesh


   Skills:
 - Level 1.1 Fighting
 - Level 2.6 Dodging
 - Level 3.2 Unarmed Combat
 - Level 2.0 Spellcasting
 - Level 4.8 Transmutations
 + Level 2.6 Poison Magic


You had 3 spell levels left.
You knew the following spells:

 Your Spells              Type           Power        Failure   Level  Hunger
a - Beastly Appendage     Tmut           ##....       12%         1    ##.....
b - Spider Form           Tmut/Pois      ##........   36%         3    ####...


Dungeon Overview and Level Annotations

Branches:
Dungeon (2/15)

Altars:


Innate Abilities, Weirdness & Mutations

((You revert to your normal form in water.))
((You are very nimble and swift while swimming.))
((You are very stealthy in the water. (Stealth+)))
You possess an exceptional clarity of mind.
You are resistant to hostile enchantments. (MR+)


Message History

You feel sick. The jackal closely misses you. The jackal bites you.
The hobgoblin misses you.
You barely miss the jackal.
The jackal is lightly wounded.
Your transformation is almost over.
The jackal barely misses you.
You barely miss the jackal.
The jackal is lightly wounded.
The hobgoblin hits you with a club.
* * * LOW HITPOINT WARNING * * *
The jackal bites you.
* * * LOW HITPOINT WARNING * * *
You hit the jackal.
The jackal is poisoned.
The jackal is almost dead.
You kill the jackal!
The hobgoblin closely misses you.
You hit the hobgoblin.
The hobgoblin is poisoned.
The hobgoblin is moderately wounded.
You feel sick. The hobgoblin hits you with a club!
You die...

*≈≈≈≈≈≈≈≈≈P♣♣****,**** *
*#♣≈≈P≈≈≈≈≈≈≈♣♣≈.,,,,,* *
**≈PP≈≈≈≈≈≈≈≈≈≈PP≈*,**,* *
****≈PP≈≈≈P≈≈≈≈P≈≈≈P≈*,**,* *
**,,,≈.≈.≈≈≈≈≈≈≈≈≈≈P≈♣*,**,*** *
*,,,,,...≈......PP♣P♣**,,,,,,,
****,,,,,..............# **,,,,**
,,,,,**≈≈≈.......g..?..# *,*,**
******≈**P≈≈≈≈P.s††...#* *,*** *
****♣P≈≈P≈≈≈≈P≈+## *,*****
♣≈P≈♣≈P≈≈♣...#****,,,,,,
#♣♣*♣♣♣♣♣.....#*,,,,,*** **,**
**,......#,,,,,,**
######***,,,****,,....>..,,,,,,,*
......,,,,,,,,,+,,.......,,,,,,,,
######***,,,****,,.......,,,,,,,,
...# *,,,** **,,,,,,>******,,*


You could see a hobgoblin.

Vanquished Creatures
  A worker ant (D:2)
  An adder (D:2)
  A worm (D:2)
  2 giant cockroaches (D:2)
  3 goblins
  6 hobgoblins
  7 jackals (D:2)
  6 kobolds
  3 ball pythons
  4 bats
  3 frilled lizards
  6 rats
43 creatures vanquished.

Notes
Turn   | Place    | Note
-------+----------+-------------------------------------------
     0 | D:1      | Curus the Merfolk Transmuter began the quest for the Orb.
     0 | D:1      | Reached XP level 1. HP: 15/15 MP: 3/3
    60 | D:1      | Reached skill level 3 in Transmutations
   316 | D:1      | Reached XP level 2. HP: 21/21 MP: 3/5
   331 | D:1      | Gained mutation: You possess an exceptional clarity of mind. [potion of mutation]
   331 | D:1      | Gained mutation: You are resistant to hostile enchantments. (MR+) [potion of mutation]
   448 | D:1      | Reached skill level 4 in Transmutations
   969 | D:2      | Reached XP level 3. HP: 21/26 MP: 6/6
   999 | D:2      | Learned a level 3 spell: Spider Form
  1425 | D:2      | Reached skill level 1 in Poison Magic
  1456 | D:2      | Reached XP level 4. HP: 16/32 MP: 3/7
  1561 | D:2      | Slain by a hobgoblin

Vault maps used:
D:1:      ncdulo_smallfort, minmay_misc_feat_nine_boxes
D:2:      serial_bayou_ford_a, hangedman_decor_peaks_small, hex_large

Skill      XL: |  1  2  3 |
---------------+----------+-----
Transmutations | 3 4 |  4.8
Poison Magic   | 2 |  2.6
Fighting       | |  1.1
Dodging        | |  2.6
Unarmed Combat | |  3.2
Spellcasting   | |  2.0

Action                   |  1- 3 |  4- 6 || total
-------------------------+-------+-------++-------
Melee: Unarmed           |   126 |    24 ||   150
       Headbutt          |    11 |     4 ||    15
       Punch             |     2 |       ||     2
       Tailslap          |       |     1 ||     1
 Cast: Beastly Appendage |    11 |     1 ||    12
       Spider Form       |     2 |     1 ||     3
  Use: Scroll            |     4 |     1 ||     5
       Potion            |     2 |       ||     2
 Stab: Sleeping          |     1 |       ||     1
  Eat: Chunk             |     2 |     1 ||     3
Armor: Robe              |    14 |     4 ||    18
Dodge: Dodged            |    65 |    43 ||   108

Table legend:
 A = Spawn XP
 B = Non-spawn XP
 C = Spawn XP percentage of total XP
 D = Spawn monster count
 E = Non-spawn monster count
 F = Spawn count percentage of total count
 G = Total turns spent on level
                    A         B        C        D         E        F      G
               +---------+---------+-------+---------+---------+-------+---------
         Total |       0 |     110 |   0.0 |       0 |      43 |   0.0 |  1561
               +---------+---------+-------+---------+---------+-------+---------
           D:1 |       0 |      28 |   0.0 |       0 |      21 |   0.0 |   911
           D:2 |       0 |      82 |   0.0 |       0 |      22 |   0.0 |   650
               +---------+---------+-------+---------+---------+-------+---------
